 Dungeon Crawl Stone Soup version 0.26-a0-639-g72c4674329 (webtiles) character file.

Game seed: 10859019327917119586

646 Flugslaktarn the Skirmisher (level 7, -1/64 HPs)
             Began as a Minotaur Fighter on Sept 18, 2020.
             Was an Initiate of Ru.
             Slain by a gnoll shaman
             ... wielding a +0 whip
              (2 damage)
             ... on level 4 of the Dungeon.
             The game lasted 00:01:36 (3559 turns).

Flugslaktarn the Skirmisher (Minotaur Fighter)      Turns: 3559, Time: 00:01:37

Health: -1/64      AC:  9    Str: 23    XL:     7   Next: 27%
Magic:  6/6        EV: 21    Int:  5    God:    Ru [......]
Gold:   100        SH: 10    Dex:  9    Spells: 6/6 levels left

rFire    . . .     SeeInvis .   a - +0 war axe
rCold    . . .     Faith    .   c - +0 kite shield
rNeg     . . .     Spirit   .   h - +0 chain mail (curse)
rPois    .         Reflect  .   (helmet restricted)
rElec    .         Harm     .   (no cloak)
rCorr    .         Rampage  .   (no gloves)
MR       .....                  (no boots)
Stlth    ..........             o - amulet of the acrobat
HPRegen  0.20/turn              (no ring)
MPRegen  0.10/turn              (no ring)

@: acrobat
A: retaliatory headbutt, horns 2
a: Renounce Religion


You were on level 4 of the Dungeon.
You worshipped Ru.
Ru was noncommittal.
You visited 1 branch of the dungeon, and saw 7 of its levels.

You collected 100 gold pieces.

Inventory:

Hand Weapons
 a - a +0 war axe (weapon)
Armour
 c - a +0 kite shield (worn)
 h - a cursed +0 chain mail (worn)
   (You found it on level 4 of the Dungeon)
Jewellery
 o - an amulet of the acrobat (around neck)
   (You found it on level 4 of the Dungeon)
 u - the ring of Losarirr {Ice SInv, unknown}
   (You found it on level 7 of the Dungeon)

   [ring of ice]

   It enhances your ice magic.
   It makes you vulnerable to fire.
   It protects you from cold.
   It lets you see invisible.
Wands
 r - a wand of digging (13)
   (You found it on level 7 of the Dungeon)
Scrolls
 b - a scroll of identify {unknown}
 e - a scroll of enchant weapon {unknown}
 f - a scroll of magic mapping {unknown}
 j - 2 scrolls of enchant armour {unknown}
 l - a scroll of fear {unknown}
 m - 2 scrolls of remove curse {unknown}
 n - a scroll of amnesia {unknown}
 p - 4 scrolls of teleportation {unknown}
 t - a scroll of immolation {unknown}
Potions
 d - a potion of might
 g - 2 potions of magic {unknown}
 i - 2 potions of stabbing
 k - a potion of brilliance {unknown}
 q - 3 potions of curing
 s - 2 potions of heal wounds {unknown}


   Skills:
 * Level 6.6 Fighting
 * Level 6.0 Axes
 + Level 5.2 Armour
 + Level 5.2 Shields


You had 6 spell levels left.
You didn't know any spells.
Your spell library was empty.

Dungeon Overview and Level Annotations

Branches:
Dungeon (7/15)
 Temple: D:4-7

Altars:
Ru
Xom

Annotations:
D:6 Pikel
D:7 1 runed translucent door, p0werm0de's ghost, novice MiFi


Innate Abilities, Weirdness & Mutations

You reflexively headbutt those who attack you in melee.
You have a pair of horns on your head.


Message History

The iguana bites you.
* * * LOW HITPOINT WARNING * * *
The gnoll hits you from afar with a +0 spear.
* * * LOW HITPOINT WARNING * * *
The gnoll hits you from afar with a +0 halberd!
* * * LOW HITPOINT WARNING * * *
You climb upwards.
There is a stone staircase leading down here.
It was a potion of curing.
You feel better.
q - 4 potions of curing;
h - a cursed +0 chain mail (worn)
You block the gnoll shaman's attack. The iguana bites you.
* * * LOW HITPOINT WARNING * * *
You feel better.
The gnoll shaman hits you with a +0 whip!
* * * LOW HITPOINT WARNING * * *
The iguana bites you.
* * * LOW HITPOINT WARNING * * *
Unknown command.
The gnoll shaman hits you with a +0 whip.
You die...

########### #....'....#
#..รท.#....# #....#....#
#.......#....#....#
#.......#....#....#
#.......##@g.##...#
#........#>..###'##
#........#l...#...#
+........#....#...#
#........#....#..[#
#........#....#...#
##+###........########'#
##...####'#.........#...#
.....'....#.........#...#


You could see a gnoll shaman and an iguana.

Vanquished Creatures
  Sigmund (D:4)
  A sky beast (D:7)
  A centaur (D:7)
  A lemure (D:4)
  An iguana (D:4)
  3 worker ants
  2 howler monkey skeletons
  5 adders
  9 gnolls
  2 white imps (D:7)
  An ooze (D:4)
  An adder skeleton (D:4)
  2 worms
  2 leopard geckos
  4 orcs (D:3)
  3 giant cockroaches
  6 jackals
  4 kobolds
  A quokka (D:3)
  6 bats
  A frilled lizard (D:3)
  2 goblins (D:2)
  2 rats (D:3)
61 creatures vanquished.

Notes
Turn   | Place    | Note
-------+----------+-------------------------------------------
     0 | D:1      | Flugslaktarn the Minotaur Fighter began the quest for the
                  | Orb.
     0 | D:1      | Reached XP level 1. HP: 19/19 MP: 0/0
    64 | D:2      | Reached XP level 2. HP: 13/27 MP: 1/1
   638 | D:3      | Reached XP level 3. HP: 29/33 MP: 2/2
  1139 | D:4      | Noticed Sigmund
  1147 | D:4      | Reached XP level 4. HP: 23/41 MP: 3/3
  1159 | D:4      | Killed Sigmund
  1159 | D:4      | Reached skill level 5 in Fighting
  1159 | D:4      | Reached XP level 5. HP: 4/48 MP: 4/4
  1530 | D:4      | Reached XP level 6. HP: 54/56 MP: 5/5
  1737 | D:4      | Reached skill level 5 in Axes
  1777 | D:5      | Entered Level 5 of the Dungeon
  1819 | D:6      | Found a sacrificial altar of Ru.
  1889 | D:6      | Became a worshipper of Ru the Awakened
  2079 | D:6      | Noticed Pikel
  2080 | D:6      | Noticed an orc warrior
  2085 | D:6      | Noticed an ice beast
  2362 | D:7      | Noticed a sky beast
  2369 | D:7      | Killed a sky beast
  2369 | D:7      | Reached skill level 5 in Armour
  2494 | D:7      | Reached skill level 5 in Shields
  2568 | D:7      | Reached XP level 7. HP: 8/63 MP: 6/6
  2853 | D:7      | Found a runed translucent door.
  2853 | D:7      | Found a shimmering altar of Xom.
  2853 | D:7      | Noticed p0werm0de's ghost (novice MiFi)
  2853 | D:7      | Noticed a +0 hand axe of chaos
  3124 | D:7      | Got a glittering marble ring
  3555 | D:5      | HP: 1/64 [gnoll/+0 halberd (10)]
  3559 | D:4      | Slain by a gnoll shaman

Illustrated notes

Levels and vault maps discovered:
D:1:      minmay_arrival_five_plusses, layout_basic
D:2:      layout_loops_ring, uniq_terence
D:3:      layout_basic, nemelex_dance_club_becter, uniq_robin
D:4:      layout_gridville, kennysheep_mini, minivault_27,
          nicolae_ru_the_path_less_chosen, uniq_sigmund, uniq_grinder,
          uniq_duvessa
D:5:      layout_rooms, minmay_temple_entry_from_below_a, serial_shops,
          shop_coins, kennysheep_flooded_box
D:6:      layout_gridville, kennysheep_mini_moat, uniq_pikel
D:7:      layout_loops_corners, nicolae_overflow_hidden_temple,
          ebering_ghost_xom

Skill      XL: |  1  2  3  4  5  6  7 |
---------------+----------------------+-----
Fighting       | 4 5 6 |  6.6
Axes           | 3 4 5 6 |  6.0
Armour         | 4 5 |  5.2
Shields        | 4 5 |  5.2

Action                   |  1- 3 |  4- 6 |  7- 9 || total
-------------------------+-------+-------+-------++-------
Melee: War axe           |    84 |    96 |    30 ||   210
       Headbutt          |    10 |    13 |     5 ||    28
  Use: Potion            |       |     1 |     2 ||     3
Armor: Scale mail        |    48 |     8 |       ||    56
       Chain mail        |       |    30 |    17 ||    47
Dodge: Dodged            |    27 |    22 |    16 ||    65
Block: Kite shield       |    46 |    60 |    30 ||   136

Table legend: (Time is in decaauts)
 A = Elapsed time spent in this place.
 B = Non-inter-level travel time spent in this place.
 C = Inter-level travel time spent in this place.
 D = Time resting spent in this place.
 E = Time spent auto-exploring this place.
 F = Levels seen in this place.
 G = Mean time per level.
                   A        B        C        D        E       F      G
               +--------+--------+--------+--------+--------+-----+--------+
         Total |   3634 |   3513 |    121 |    903 |   2055 |   7 |  519.1 |
       Dungeon |   3634 |   3513 |    121 |    903 |   2055 |   7 |  519.1 |
               +--------+--------+--------+--------+--------+-----+--------+

Top non-repeatable levels by time:
     D:7: 1195 daAuts
     D:4: 870 daAuts
     D:3: 572 daAuts
     D:2: 544 daAuts
     D:6: 365 daAuts
     D:1: 43 daAuts
     D:5: 42 daAuts
